| TOP OF THE 1ST |
|
Louisville Bats batting - Pitching for Lehigh Valley IronPigs : RHP Nick Turner
|
|
Pitching: RHP Nick Turner
|
|
|
Batting: RHB Won-jun Park
|
0-0: Ground out 4-3 (Groundball, 4, EV 86.2 MPH)
|
|
Batting: SHB Freddie Farrar
|
0-0: Ball 1-0: Ball 2-0: Ground out 6-3 (Groundball, 6, EV 93.1 MPH)
|
|
Batting: RHB Mike Alm
|
0-0: Ball 1-0: Foul Ball, location: 2F 1-1: Ground out 4-3 (Groundball, 4MS, EV 88.8 MPH)
|
| Top of the 1st over - 0 runs, 0 hits, 0 errors, 0 left on base; Louisville 0 - Lehigh Valley 0 |
| BOTTOM OF THE 1ST |
|
Lehigh Valley IronPigs batting - Pitching for Louisville Bats : LHP Edwin Pacheco
|
|
Pitching: LHP Edwin Pacheco
|
|
|
Batting: RHB Mark Schultz
|
0-0: Called Strike 0-1: Ball 1-1: Foul Ball, location: 2F 1-2: Foul Ball, location: 2F 1-2: Foul Ball, location: 2F 1-2: Fly out, F4 (Popup, 34S, EV 75.6 MPH)
|
|
Batting: LHB Theodore Conboy
|
0-0: Ball 1-0: Ball 2-0: Ball 3-0: Base on Balls
|
|
Batting: RHB Melchor Sovrivilla
|
0-0: Ball 1-0: Called Strike 1-1: Fielders Choice at 2nd, 6-4 (Groundball, 6, EV 78.8 MPH)
|
|
Batting: RHB Jose Leon
|
0-0: Foul Ball, location: 2F 0-1: Ball 1-1: Ground out 5-3 (Groundball, 56S, EV 82.5 MPH)
|
| Bottom of the 1st over - 0 runs, 0 hits, 0 errors, 1 left on base; Louisville 0 - Lehigh Valley 0 |
| TOP OF THE 2ND |
|
Louisville Bats batting - Pitching for Lehigh Valley IronPigs : RHP Nick Turner
|
|
Batting: RHB Juan Reyes
|
0-0: Swinging Strike 0-1: Swinging Strike 0-2: Strikes out swinging
|
|
Batting: LHB Jared Paige
|
0-0: Foul Ball, location: 2F 0-1: Swinging Strike 0-2: Ball 1-2: Ground out 6-3 (Groundball, 6, EV 85.0 MPH)
|
|
Batting: RHB Takanibu Kaneshiro
|
0-0: Called Strike 0-1: Swinging Strike 0-2: Strikes out swinging
|
| Top of the 2nd over - 0 runs, 0 hits, 0 errors, 0 left on base; Louisville 0 - Lehigh Valley 0 |
| BOTTOM OF THE 2ND |
|
Lehigh Valley IronPigs batting - Pitching for Louisville Bats : LHP Edwin Pacheco
|
|
Batting: LHB Danny Hill
|
0-0: Ball 1-0: Foul Ball, location: 2F 1-1: Fly out, F8 (Line Drive, 8RM, EV 88.1 MPH)
|
|
Batting: LHB Jose Carlos
|
0-0: Swinging Strike 0-1: Ball 1-1: Foul Ball, location: 2F 1-2: Ball 2-2: Ball 3-2: Base on Balls
|
|
Batting: LHB Chris Moody
|
0-0: Foul Ball, location: 2F 0-1: Ball 1-1: Fielders Choice at 2nd, 4-6 (Groundball, 4, EV 102.5 MPH)
|
|
Batting: LHB Pat Shaddock
|
0-0: Ball 1-0: Called Strike 1-1: Called Strike 1-2: Ball 2-2: Strikes out swinging
|
| Bottom of the 2nd over - 0 runs, 0 hits, 0 errors, 1 left on base; Louisville 0 - Lehigh Valley 0 |
| TOP OF THE 3RD |
|
Louisville Bats batting - Pitching for Lehigh Valley IronPigs : RHP Nick Turner
|
|
Batting: LHB Leo Gomez
|
0-0: Ball 1-0: Swinging Strike 1-1: Ball 2-1: Foul Ball, location: 2F 2-2: Ball 3-2: Base on Balls
|
|
Batting: RHB Steve Bauman
|
0-0: Ball 1-0: Called Strike Leo Gomez steals 2nd base 1-1: Foul Ball, location: 2F 1-2: Strikes out swinging
|
|
Batting: RHB Ben Hinman
|
0-0: Called Strike Leo Gomez steals 3rd, throwing error, E2 Leo Gomez scores 0-1: Ball 1-1: Foul Ball, location: 2F 1-2: Strikes out swinging
|
|
Batting: RHB Won-jun Park
|
0-0: Foul Ball, location: 2F 0-1: Ball 1-1: Ball 2-1: Ball 3-1: Foul Ball, location: 2F 3-2: Foul Ball, location: 2F 3-2: Foul Ball, location: 2F 3-2: Base on Balls
|
|
Batting: SHB Freddie Farrar
|
0-0: Ball 1-0: Called Strike 1-1: Fly out, F6 (Popup, 6D, EV 61.9 MPH)
|
| Top of the 3rd over - 1 run, 0 hits, 1 error, 1 left on base; Louisville 1 - Lehigh Valley 0 |
| BOTTOM OF THE 3RD |
|
Lehigh Valley IronPigs batting - Pitching for Louisville Bats : LHP Edwin Pacheco
|
|
Batting: LHB Tom Edwards
|
0-0: Foul Ball, location: 2F 0-1: SINGLE (Line Drive, 7S, EV 103.8 MPH)
|
|
Batting: RHB Mark Schultz
|
0-0: Ball 1-0: Ball 2-0: Foul Ball, location: 2F 2-1: 2-RUN HOME RUN (Flyball, 7D, EV 106.2 MPH), Distance : 423 ft
|
|
Batting: LHB Theodore Conboy
|
0-0: Foul Ball, location: 2F 0-1: Ball 1-1: SINGLE (Groundball, 56D, EV 97.5 MPH)
|
|
Batting: RHB Melchor Sovrivilla
|
0-0: Ball 1-0: Ball 2-0: Ball 3-0: Called Strike 3-1: Called Strike 3-2: Reached on error, E4 (Groundball, 4M, EV 81.9 MPH) Theodore Conboy to second
|
|
Batting: RHB Jose Leon
|
0-0: Ball 1-0: Ball 2-0: Called Strike 2-1: Ball Wild Pitch! Theodore Conboy to third Melchor Sovrivilla to second 3-1: Called Strike 3-2: Foul Ball, location: 2F 3-2: DOUBLE (Flyball, 89D, EV 96.9 MPH) Theodore Conboy scores Melchor Sovrivilla scores
|
|
Batting: LHB Danny Hill
|
0-0: Called Strike 0-1: Ball 1-1: Swinging Strike 1-2: Foul Ball, location: 2F 1-2: Ball 2-2: Foul Ball, location: 2F 2-2: Strikes out swinging
|
|
Batting: LHB Jose Carlos
|
0-0: Ball 1-0: Foul Ball, location: 2F 1-1: Ground out 5-3 (Groundball, 56, EV 75.6 MPH)
|
|
Batting: LHB Chris Moody
|
0-0: Called Strike 0-1: Ball 1-1: Called Strike 1-2: Ball 2-2: Strikes out swinging
|
| Bottom of the 3rd over - 4 runs, 4 hits, 1 error, 1 left on base; Louisville 1 - Lehigh Valley 4 |
| TOP OF THE 4TH |
|
Louisville Bats batting - Pitching for Lehigh Valley IronPigs : RHP Nick Turner
|
|
Batting: RHB Mike Alm
|
0-0: Called Strike 0-1: Ball 1-1: Swinging Strike 1-2: Ball 2-2: Foul Ball, location: 2F 2-2: Ball 3-2: Base on Balls
|
|
Batting: RHB Juan Reyes
|
0-0: Called Strike Mike Alm is caught stealing 2nd base 2-4 0-1: Swinging Strike 0-2: Ball 1-2: Ball 2-2: Foul Ball, location: 2F 2-2: Foul Ball, location: 2F 2-2: Foul Ball, location: 2F 2-2: Strikes out looking
|
|
Batting: LHB Jared Paige
|
0-0: Ball 1-0: Ball 2-0: Ball 3-0: Base on Balls
|
|
Batting: RHB Takanibu Kaneshiro
|
0-0: Ball 1-0: Called Strike 1-1: Foul Ball, location: 2F 1-2: Ball Jared Paige is caught stealing 2nd base 2-4
|
| Top of the 4th over - 0 runs, 0 hits, 0 errors, 0 left on base; Louisville 1 - Lehigh Valley 4 |
| BOTTOM OF THE 4TH |
|
Lehigh Valley IronPigs batting - Pitching for Louisville Bats : LHP Edwin Pacheco
|
|
Batting: LHB Pat Shaddock
|
0-0: Called Strike 0-1: Ball 1-1: Ball 2-1: SINGLE (Line Drive, 7S, EV 91.2 MPH)
|
|
Batting: LHB Tom Edwards
|
0-0: Called Strike 0-1: Ball 1-1: Ball 2-1: Ground out 6-3 (Groundball, 6MS, EV 63.8 MPH) Pat Shaddock to second
|
|
Batting: RHB Mark Schultz
|
0-0: Ball 1-0: Called Strike 1-1: Swinging Strike 1-2: Fly out, F9 (Flyball, 89D, EV 90.0 MPH) Runner from 2nd tags up, SAFE at 3rd, no throw by RF
|
|
Batting: LHB Theodore Conboy
|
0-0: Called Strike 0-1: Ball 1-1: Fly out, F9 (Line Drive, 89M, EV 91.2 MPH)
|
| Bottom of the 4th over - 0 runs, 1 hit, 0 errors, 1 left on base; Louisville 1 - Lehigh Valley 4 |
| TOP OF THE 5TH |
|
Louisville Bats batting - Pitching for Lehigh Valley IronPigs : RHP Nick Turner
|
|
Batting: RHB Takanibu Kaneshiro
|
0-0: Ball 1-0: Called Strike 1-1: Ball 2-1: Foul Ball, location: 2F 2-2: Ball 3-2: DOUBLE (Flyball, 78XD, EV 97.5 MPH)
|
|
Batting: LHB Leo Gomez
|
0-0: Foul Ball, location: 2F 0-1: Swinging Strike 0-2: Ball 1-2: Strikes out looking
|
|
Batting: RHB Steve Bauman
|
0-0: Called Strike 0-1: Ball 1-1: Swinging Strike 1-2: Ball 2-2: Ball 3-2: Ground out 4-3 (Groundball, 4M, EV 101.9 MPH) Takanibu Kaneshiro to third
|
|
Batting: RHB Ben Hinman
|
0-0: Ground out 5-3 (Groundball, 25, EV 82.5 MPH)
|
| Top of the 5th over - 0 runs, 1 hit, 0 errors, 1 left on base; Louisville 1 - Lehigh Valley 4 |
| BOTTOM OF THE 5TH |
|
Lehigh Valley IronPigs batting - Pitching for Louisville Bats : LHP Edwin Pacheco
|
|
Batting: RHB Melchor Sovrivilla
|
0-0: Called Strike 0-1: Ball 1-1: Ball 2-1: SOLO HOME RUN (Line Drive, 7D, EV 107.5 MPH), Distance : 398 ft
|
|
Pitching: RHP Jeremy Whooley
|
|
|
Batting: RHB Jose Leon
|
0-0: Ball 1-0: Ball 2-0: Ground out U3 (Groundball, 3, EV 103.1 MPH)
|
|
Batting: LHB Danny Hill
|
0-0: Foul Ball, location: 2F 0-1: Ball 1-1: Foul Ball, location: 2F 1-2: Ground out 4-3 (Groundball, 4, EV 85.6 MPH)
|
|
Batting: LHB Jose Carlos
|
0-0: SINGLE (Groundball, 34S, EV 65.0 MPH) (infield hit)
|
|
Batting: LHB Chris Moody
|
0-0: DOUBLE (Flyball, 7D, EV 109.4 MPH) Jose Carlos to third
|
|
Batting: LHB Pat Shaddock
|
0-0: Ball 1-0: Ball 2-0: Ball 3-0: Called Strike 3-1: Called Strike 3-2: Base on Balls
|
|
Batting: LHB Tom Edwards
|
0-0: Ball 1-0: Foul Ball, location: 2F 1-1: Ball 2-1: Fly out, F9 (Flyball, 9D, EV 106.2 MPH)
|
| Bottom of the 5th over - 1 run, 3 hits, 0 errors, 3 left on base; Louisville 1 - Lehigh Valley 5 |
| TOP OF THE 6TH |
|
Louisville Bats batting - Pitching for Lehigh Valley IronPigs : RHP Nick Turner
|
|
Batting: RHB Won-jun Park
|
0-0: Called Strike 0-1: Ball 1-1: Swinging Strike 1-2: Ball 2-2: Strikes out swinging
|
|
Batting: SHB Freddie Farrar
|
0-0: Called Strike 0-1: Foul Ball, location: 2F 0-2: Ball 1-2: Ground out 4-3 (Groundball, 4, EV 90.0 MPH)
|
|
Batting: RHB Mike Alm
|
0-0: Called Strike 0-1: Ball 1-1: Foul Ball, location: 2F 1-2: Foul Ball, location: 2F 1-2: Strikes out swinging
|
| Top of the 6th over - 0 runs, 0 hits, 0 errors, 0 left on base; Louisville 1 - Lehigh Valley 5 |
| BOTTOM OF THE 6TH |
|
Lehigh Valley IronPigs batting - Pitching for Louisville Bats : RHP Jeremy Whooley
|
|
Batting: RHB Mark Schultz
|
0-0: Ball 1-0: SINGLE (Line Drive, 89M, EV 95.6 MPH)
|
|
Batting: LHB Theodore Conboy
|
0-0: Swinging Strike 0-1: Ball 1-1: Foul Ball, location: 2F 1-2: SINGLE (Line Drive, 78S, EV 95.0 MPH) Mark Schultz to second
|
|
Batting: RHB Melchor Sovrivilla
|
0-0: Ball 1-0: SINGLE (Groundball, 5S, EV 72.5 MPH) (infield hit) Mark Schultz to third Theodore Conboy to second
|
|
Batting: RHB Jose Leon
|
0-0: Swinging Strike 0-1: Fielders Choice at 2nd, 3-6 (Groundball, 34, EV 81.2 MPH) Mark Schultz scores Theodore Conboy to third
|
|
Batting: LHB Danny Hill
|
0-0: Called Strike 0-1: Foul Ball, location: 2F 0-2: Strikes out swinging
|
|
Batting: LHB Jose Carlos
|
0-0: Fly out, F9 (Flyball, 89S, EV 81.9 MPH)
|
| Bottom of the 6th over - 1 run, 3 hits, 0 errors, 2 left on base; Louisville 1 - Lehigh Valley 6 |
| TOP OF THE 7TH |
|
Louisville Bats batting - Pitching for Lehigh Valley IronPigs : RHP Nick Turner
|
|
Batting: RHB Juan Reyes
|
0-0: Ball 1-0: Called Strike 1-1: Called Strike 1-2: Ground out 5-3 (Groundball, 56, EV 88.8 MPH)
|
|
Batting: LHB Jared Paige
|
0-0: Called Strike 0-1: Ball 1-1: Ball 2-1: Foul Ball, location: 2F 2-2: Foul Ball, location: 2F 2-2: Strikes out swinging
|
|
Batting: RHB Takanibu Kaneshiro
|
0-0: Called Strike 0-1: Fly out, F4 (Popup, 3S, EV 81.2 MPH)
|
| Top of the 7th over - 0 runs, 0 hits, 0 errors, 0 left on base; Louisville 1 - Lehigh Valley 6 |
| BOTTOM OF THE 7TH |
|
Lehigh Valley IronPigs batting - Pitching for Louisville Bats : RHP Jeremy Whooley
|
|
Batting: LHB Chris Moody
|
0-0: Ground out U3 (Groundball, 3, EV 101.9 MPH)
|
|
Batting: LHB Pat Shaddock
|
0-0: Called Strike 0-1: SOLO HOME RUN (Line Drive, 9D, EV 97.5 MPH), Distance : 385 ft
|
|
Batting: LHB Tom Edwards
|
0-0: Called Strike 0-1: Ball 1-1: Ground out U3 (Groundball, 34, EV 104.4 MPH)
|
|
Batting: RHB Mark Schultz
|
0-0: Called Strike 0-1: Ground out 6-3 (Groundball, 6MS, EV 65.6 MPH)
|
| Bottom of the 7th over - 1 run, 1 hit, 0 errors, 0 left on base; Louisville 1 - Lehigh Valley 7 |
| TOP OF THE 8TH |
|
Louisville Bats batting - Pitching for Lehigh Valley IronPigs : RHP Nick Turner
|
|
Pitching: RHP Julio Espinel
|
|
|
Batting: LHB Leo Gomez
|
0-0: Ground out U3 (Groundball, 13, EV 91.9 MPH)
|
|
Batting: RHB Steve Bauman
|
0-0: Called Strike 0-1: Ground out 6-3 (Groundball, 6, EV 98.8 MPH)
|
|
Batting: RHB Ben Hinman
|
0-0: Called Strike 0-1: Fly out, F4 (Line Drive, 4, EV 68.8 MPH)
|
| Top of the 8th over - 0 runs, 0 hits, 0 errors, 0 left on base; Louisville 1 - Lehigh Valley 7 |
| BOTTOM OF THE 8TH |
|
Lehigh Valley IronPigs batting - Pitching for Louisville Bats : RHP Jeremy Whooley
|
|
Batting: LHB Theodore Conboy
|
0-0: Called Strike 0-1: Ball 1-1: Ball 2-1: Swinging Strike 2-2: Ground out 6-3 (Groundball, 6M, EV 85.0 MPH)
|
|
Batting: RHB Melchor Sovrivilla
|
0-0: Ball 1-0: Ball 2-0: Ground out 5-3 (Groundball, 56S, EV 74.4 MPH)
|
|
Batting: RHB Jose Leon
|
0-0: Ball 1-0: Ball 2-0: Called Strike 2-1: Foul Ball, location: 2F 2-2: Ball 3-2: Foul Ball, location: 2F 3-2: Foul Ball, location: 2F 3-2: Base on Balls
|
|
Pitching: RHP Roberto Cortez
|
|
|
Batting: LHB Danny Hill
|
0-0: Ball 1-0: Ball 2-0: Ball 3-0: Called Strike 3-1: 2-RUN HOME RUN (Flyball, 9LD, EV 96.9 MPH), Distance : 381 ft
|
|
Batting: LHB Jose Carlos
|
0-0: Called Strike 0-1: Foul Ball, location: 2F 0-2: Ball 1-2: Ball 2-2: Foul Ball, location: 2F 2-2: Foul Ball, location: 2F 2-2: Foul Ball, location: 2F 2-2: Ball 3-2: Strikes out swinging
|
| Bottom of the 8th over - 2 runs, 1 hit, 0 errors, 0 left on base; Louisville 1 - Lehigh Valley 9 |
| TOP OF THE 9TH |
|
Louisville Bats batting - Pitching for Lehigh Valley IronPigs : RHP Julio Espinel
|
|
Batting: RHB Won-jun Park
|
0-0: Swinging Strike 0-1: Ball 1-1: Fly out, F8 (Line Drive, 8RM, EV 91.9 MPH)
|
|
Batting: SHB Freddie Farrar
|
0-0: Foul Ball, location: 2F 0-1: Swinging Strike 0-2: Strikes out swinging
|
|
Batting: RHB Mike Alm
|
0-0: Called Strike 0-1: Ball 1-1: Ball 2-1: Ball 3-1: Called Strike 3-2: Strikes out swinging
|
| Top of the 9th over - 0 runs, 0 hits, 0 errors, 0 left on base; Louisville 1 - Lehigh Valley 9 |
|